Map: World of Sleepers LE

Players

ShoWTimE - Winner!

  • Race: Protoss Protoss
  • Spawn Location: 1:00

SKillous

  • Race: Protoss Protoss
  • Spawn Location: 7:00

VOD

Have the link to the VOD?

Description

Time

  • Played on: Sept. 6, 2019, 6:46 p.m.
  • Length: 8:52
Show
View Real Time Build Order
Export as new Build Order

ShoWTimE Protoss - Winner!

Build Orders: Phoenix Opening, Zealot Archon 

Get SALT Encoding   

  12  0:00  Probe  
  13  0:12  Probe  
  14  0:17  Pylon  
  14  0:24  Probe  
  15  0:32  Probe  
  15  0:36  Gateway  
  15  0:40  Probe  
  16  0:45  Assimilator  
  17  0:51  Probe  
  17  0:54  Assimilator  
  18  0:59  Probe  
  19  1:07  Probe  
  19  1:13  Gateway  
  19  1:17  Probe  
  20  1:23  Cybernetics Core  
  21  1:29  Probe  
  22  1:33  Pylon  
  22  1:41  Probe  
  23  1:53  Probe  
  24  2:00  Warp Gate, Sentry, Stalker  
  28  2:05  Probe  
  29  2:19  Pylon  
  29  2:25  Pylon  
  29  2:29  Sentry  
  31  2:34  Phoenix  
  31  2:37  Sentry  
  31  2:42  Probe  
  31  2:43  Nexus  
  33  2:50  Probe  
  35  2:59  Pylon  
  35  3:01  Probe  
  36  3:07  Phoenix  
  36  3:09  Probe  
  36  3:17  Probe  
  37  3:21  Robotics Facility  
  38  3:27  Probe  
  38  3:29  Forge  
  39  3:37  Shield Battery  
  39  3:39  Probe  
  40  3:51  Probe  
  40  3:52  Probe  
  41  3:59  Immortal  
  41  4:00  Probe, Adept x2  
  46  4:03  Probe  
  52  4:10  Probe  
  52  4:15  Probe  
  54  4:18  Pylon  
  54  4:23  Stalker  
  56  4:29  Stalker  
  56  4:34  Shield Battery  
  56  4:38  Protoss Ground Weapons Level 1  
  49  4:47  Probe x2  
  50  4:57  Sentry  
  50  4:58  Probe  
  50  4:59  Probe  
  54  5:06  Probe  
  54  5:07  Pylon  
  54  5:08  Observer  
  54  5:12  Probe  
  57  5:15  Probe  
  58  5:24  Probe  
  58  5:25  Pylon  
  58  5:26  Probe  
  58  5:28  Phoenix  
  60  5:29  Immortal  
  64  5:36  Probe  
  64  5:38  Probe, Assimilator  
  64  5:40  Assimilator  
  66  5:46  Probe, Twilight Council  
  66  5:48  Probe  
  67  5:54  Probe  
  67  5:56  Pylon  
  68  6:00  Probe  
  70  6:04  Probe  
  70  6:07  Warp Prism, Pylon  
  73  6:12  Charge  
  73  6:19  Gateway  
  73  6:21  Gateway  
  73  6:29  Templar Archives  
  73  6:35  Gateway  
  73  6:37  Gateway  
  73  6:44  Gateway x2  
  73  6:51  Pylon  
  73  7:04  Pylon, Zealot x2  
  73  7:07  Pylon  
  77  7:11  Shield Battery  
  77  7:12  Shield Battery  
  77  7:16  High Templar x2  
  77  7:20  Pylon  
  77  7:21  Archon  
  81  7:24  Zealot  
  81  7:25  Zealot  
  85  7:32  High Templar x2  
  85  7:33  Archon  
  85  7:34  Archon  
  85  7:37  Pylon, Archon  
  89  7:39  Zealot x2  
  93  7:47  Pylon, Zealot x2  
  93  7:49  High Templar x2  
  101  7:53  Pylon, Archon  
  100  8:02  Zealot x2  
  90  8:07  Zealot x2  
  90  8:11  Zealot x2  
  80  8:24  Zealot x3  
  84  8:29  Zealot  
  84  8:31  Zealot  
Show
View Real Time Build Order
Export as new Build Order

SKillous Protoss 

Build Orders: Zealot Archon 

Get SALT Encoding   

  12  0:01  Probe  
  13  0:13  Probe  
  14  0:17  Pylon  
  14  0:24  Probe  
  15  0:33  Probe  
  15  0:36  Gateway  
  15  0:41  Probe  
  16  0:46  Assimilator  
  17  0:52  Probe  
  17  0:54  Assimilator  
  18  1:00  Probe  
  18  1:08  Probe  
  18  1:09  Gateway  
  20  1:19  Probe  
  21  1:26  Cybernetics Core  
  21  1:31  Probe  
  22  1:33  Pylon  
  22  1:43  Probe  
  23  1:53  Warp Gate  
  23  1:55  Probe  
  24  2:03  Sentry, Stalker  
  28  2:14  Pylon  
  30  2:30  Sentry  
  30  2:33  Stalker  
  32  2:44  Probe, Nexus  
  33  2:56  Probe  
  33  2:58  Sentry  
  36  3:03  Stalker  
  38  3:07  Pylon  
  38  3:08  Probe  
  39  3:16  Forge  
  39  3:25  Probe  
  40  3:36  Probe  
  40  3:38  Protoss Ground Weapons Level 1  
  41  3:41  Stalker x2  
  41  3:42  Stalker x2  
  41  3:43  Stalker x2  
  41  3:44  Probe  
  46  3:52  Probe  
  46  3:55  Probe  
  48  4:04  Adept x2  
  48  4:06  Probe  
  48  4:07  Probe  
  53  4:14  Probe  
  54  4:17  Pylon  
  54  4:19  Probe  
  56  4:33  Stalker x2  
  56  4:34  Probe  
  61  4:43  Probe  
  58  4:46  Probe  
  55  4:54  Robotics Facility  
  55  4:55  Probe, Assimilator  
  55  4:57  Probe  
  57  5:00  Assimilator  
  57  5:01  Pylon  
  57  5:05  Probe  
  58  5:07  Probe  
  58  5:10  Gateway  
  58  5:11  Gateway  
  58  5:13  Probe  
  59  5:19  Probe  
  59  5:21  Probe  
  61  5:22  Twilight Council  
  62  5:34  Pylon  
  62  5:42  Gateway  
  63  5:43  Observer, Gateway  
  63  5:46  Pylon  
  63  5:49  Charge  
  63  5:54  Pylon  
  63  6:03  Gateway  
  63  6:04  Pylon  
  63  6:08  Pylon  
  63  6:09  Warp Prism, Gateway  
  63  6:11  Gateway  
  65  6:25  Zealot x4  
  73  6:30  Pylon  
  73  6:38  Templar Archives  
  73  6:39  Zealot  
  75  6:51  Zealot x3  
  81  6:56  Nexus  
  81  6:57  Pylon  
  81  7:01  Probe  
  81  7:02  Probe  
  83  7:13  Zealot x4  
  91  7:16  High Templar x3  
  91  7:17  High Templar  
  91  7:20  Archon  
  91  7:22  Archon  
  99  7:33  Zealot x4  
  103  7:48  High Templar x2  
  103  7:49  High Templar  
  109  7:52  Archon  
  109  7:54  Pylon  
  109  7:57  Pylon  
  86  8:07  High Templar x3  
  86  8:08  Zealot x2  
  86  8:11  Archon  
  86  8:12  Archon  
  67  8:23  Zealot x3  
  53  8:28  Zealot x2  
  53  8:32  Probe  
  53  8:34  Probe  
  53  8:37  Probe  
  53  8:40  Probe  
Tags
 
Add a new tag
Caveats
  • Supply blocks, unpowered buildings, or Contaminate may cause inaccurate times.
  • Supply counts are checked every 10 seconds.